 Dungeon Crawl Stone Soup version 0.24-a0-169-g71aafec (webtiles) character file.

Game seed: 15560121581485429105

12821 XanderDroid the Cleaver (level 11, 0/101 HPs)
             Began as a Minotaur Berserker on Mar 7, 2019.
             Was a High Priest of Trog.
             Killed from afar by a gargoyle (16 damage)
             ... with a stone arrow
             ... on level 11 of the Dungeon.
             The game lasted 00:31:28 (10635 turns).

XanderDroid the Cleaver (Minotaur Berserker)       Turns: 10635, Time: 00:31:29

Health: 0/101      AC: 19    Str: 24    XL:     11   Next: 67%
Magic:  3/3        EV: 11    Int:  4    God:    Trog [*****.]
Gold:   197        SH:  0    Dex: 11    Spells: 10/10 levels left

rFire    . . .     SeeInvis .   a - +4 executioner's axe (antimagic)
rCold    . . .     Gourm    .   (shield currently unavailable)
rNeg     . . .     Faith    .   C - +0 plate armour
rPois    +         Spirit   .   r - +2 hat
rElec    .         Reflect  .   D - +1 cloak
rCorr    .         Harm     .   n - +2 pair of gloves
MR       .....                  (no boots)
Stlth    ..........             (no amulet)
HPRegen  0.26/turn              w - +5 ring of protection
MPRegen  0.08/turn              e - ring of poison resistance

@: about to teleport, corroded, berserk cooldown, starving, slowed, very slow
A: retaliatory headbutt, horns 2
a: Berserk, Trog's Hand, Brothers in Arms, Renounce Religion


You were on level 11 of the Dungeon.
You worshipped Trog.
Trog was extremely pleased with you.
You were starving.

You visited 2 branches of the dungeon, and saw 12 of its levels.
You also visited: Sewer.

You collected 605 gold pieces.
You spent 408 gold pieces at shops.

Inventory:

Hand Weapons
 a - a +4 antimagic executioner's axe (weapon)
 b - a +1 flail of crushing
Missiles
 v - 2 throwing nets (quivered)
Armour
 n - a +2 pair of gloves (worn)
 r - a +2 hat (worn)
 C - a +0 plate armour (worn)
 D - a +1 cloak (worn)
Jewellery
 e - a ring of poison resistance (right hand)
 j - an uncursed ring of protection from cold
 w - a +5 ring of protection (left hand)
 B - an uncursed ring of protection from fire
Wands
 u - a wand of flame (10)
Scrolls
 d - a scroll of enchant weapon
 g - 5 scrolls of teleportation
 h - 5 scrolls of identify
 m - 3 scrolls of immolation
 p - 2 scrolls of enchant armour
 q - 9 scrolls of remove curse
 s - a scroll of fear {unknown}
 y - a scroll of holy word {unknown}
 A - a scroll of blinking {unknown}
 E - a scroll of acquirement {unknown}
 H - a scroll of summoning {unknown}
Potions
 f - 7 potions of curing
 i - a potion of degeneration {unknown}
 k - 3 potions of flight
 l - a potion of cancellation {unknown}
 o - 5 potions of heal wounds
 t - a potion of brilliance {unknown}
 x - a potion of resistance {unknown}
 z - 3 potions of mutation
 F - 3 potions of haste
 G - a potion of ambrosia {unknown}
Comestibles
 c - 29 rations


   Skills:
 + Level 10.7 Fighting
 * Level 14.1 Axes
 + Level 10.3 Armour
 + Level 9.5 Dodging


You had 10 spell levels left.
You didn't know any spells.
Your spell library was empty.

Dungeon Overview and Level Annotations

Branches:
Dungeon (11/15)            Temple (1/1) D:5            Lair (0/6) D:11
    Orc: D:9-12

Altars:
Ashenzari
Cheibriados
Dithmenos
Elyvilon
Fedhas
Gozag
Hepliaklqana
Kikubaaqudgha
Makhleb
Nemelex Xobeh
Okawaru
Qazlal
Ru
Sif Muna
Trog
Uskayaw
Vehumet
Wu Jian
Xom
Yredelemnul
Zin
The Shining One

Shops:
D:4 *   D:10 ?


Innate Abilities, Weirdness & Mutations

You reflexively headbutt those who attack you in melee.
You have a pair of horns on your head.


Message History

You feel better.
Your surroundings suddenly seem different.
A river rat comes into view.
A gargoyle comes into view. It is wielding a +0 flail.
Found 23 gold pieces, a scroll of identify and 2 needles of confusion.
You hit the river rat but do no damage. Your headbutt misses the river rat.
The river rat bites you but does no damage.
The river rat misses you.
The gargoyle hurls a stone arrow at you.
The stone arrow hits you!
* * * LOW HITPOINT WARNING * * *
The gargoyle hurls a stone arrow at you.
The stone arrow misses you. The river rat closely misses you.
You furiously retaliate!
You headbutt the river rat, but do no damage.
As you read the scroll of teleportation, it crumbles to dust.
You feel strangely unstable.
The gargoyle hurls a stone arrow at you.
The stone arrow hits you!
You die...

.....$)rY. ...).r....
.............
..............
....r...######
#...##... .(.......
####+#....>....+#####
#...@..9....#........
#...r....#...........
#............%.......
+$...................
#..............>.....
#...?................
#..........##........
#############........
#########


You could see a gargoyle and 2 river rats.

Vanquished Creatures
  Erolcha (D:10)
  A two-headed ogre (D:11)
  The ghost of poirepourri the Severer, a novice DDFi of Makhleb (D:9)
  A death yak (D:11)
  A tengu warrior (D:10)
  The ghost of Nr616 the Grappler, a novice TrHu of Makhleb (D:7)
  An unseen horror (D:10)
  A gargoyle (D:10)
  Maurice (D:8)
  A troll (D:9)
  A hornet (D:9)
  Sigmund (D:3)
  9 yaks (D:10)
  Eustachio (D:6)
  A porcupine (D:11)
  Purgy (Sewer)
  4 orc warriors
  A necrophage (D:11)
  4 ice beasts
  2 black bears
  6 sky beasts
  4 ogres
  2 phantoms
  3 centaurs
  2 gnoll sergeants (D:6)
  2 bullfrogs (D:10)
  3 scorpions
  A water moccasin skeleton (D:4)
  13 killer bees
  2 howler monkeys
  2 bullfrog zombies
  An electric eel (D:7)
  A crimson imp (D:5)
  A jelly (D:9)
  3 centaur skeletons
  3 hounds (D:8)
  9 orc priests
  Crazy Yiuf (D:6)
  A bullfrog skeleton (D:8)
  7 orc wizards
  A gnoll shaman (D:8)
  7 iguanas
  7 worker ants
  2 hound skeletons
  A hound zombie (D:5)
  20 gnolls
  10 adders
  An ooze (D:1)
  An adder zombie (D:7)
  An adder skeleton (D:8)
  4 worms
  2 dart slugs (D:1)
  10 leopard geckos
  39 orcs
  6 giant cockroaches
  10 goblins
  4 hobgoblins
  12 jackals
  5 quokkas
  A ball python (D:3)
  17 bats
  6 frilled lizards
  A jackal zombie (D:5)
  8 kobolds
  A leopard gecko skeleton (D:4)
  10 rats
289 creatures vanquished.

Vanquished Creatures (others)
  Harold (D:10)
  A plant (D:5)
2 creatures vanquished.

Grand Total: 291 creatures vanquished

Notes
Turn   | Place    | Note
-------+----------+-------------------------------------------
     0 | D:1      | XanderDroid the Minotaur Berserker began the quest for the
                  | Orb.
     0 | D:1      | Reached XP level 1. HP: 19/19 MP: 0/0
   121 | D:1      | Reached XP level 2. HP: 19/27 MP: 1/1
   129 | D:1      | Reached skill level 4 in Axes
   858 | D:2      | Reached XP level 3. HP: 30/33 MP: 2/2
   871 | D:2      | Found a sacrificial altar of Ru.
  1139 | D:2      | Reached ** piety under Trog
  1215 | D:2      | Reached XP level 4. HP: 37/40 MP: 3/3
  1775 | D:3      | Found a glowing drain.
  1779 | Sewer    | Entered a sewer
  1813 | Sewer    | Noticed Purgy
  1823 | Sewer    | Killed Purgy
  1823 | Sewer    | Reached skill level 5 in Axes
  1823 | Sewer    | Reached XP level 5. HP: 47/47 MP: 4/4
  2296 | D:3      | Reached *** piety under Trog
  2330 | D:3      | Found an ancient bone altar of Kikubaaqudgha.
  2358 | D:3      | Noticed Sigmund
  2371 | D:3      | Killed Sigmund
  2371 | D:3      | Reached skill level 5 in Fighting
  2371 | D:3      | Reached skill level 6 in Axes
  2371 | D:3      | Reached XP level 6. HP: 56/56 MP: 5/5
  2634 | D:3      | Found an iron altar of Okawaru.
  2735 | D:4      | Found Nyrhep's Assorted Antiques.
  2809 | D:4      | Reached XP level 7. HP: 27/61 MP: 6/6
  3230 | D:4      | Reached skill level 7 in Axes
  3384 | D:4      | Bought a pair of embroidered gloves for 247 gold pieces
  3540 | D:4      | Reached skill level 5 in Armour
  3705 | D:4      | You fall through a shaft!
  3705 | D:5      | Entered Level 5 of the Dungeon
  3983 | D:5      | Found a staircase to the Ecumenical Temple.
  4027 | Temple   | Entered the Ecumenical Temple
  4243 | D:5      | Reached skill level 8 in Axes
  4243 | D:5      | Reached XP level 8. HP: 58/70 MP: 7/7
  4502 | D:4      | Bought a blue potion for 29 gold pieces
  4585 | D:5      | Found a bloodstained altar of Trog.
  4698 | D:5      | Reached skill level 5 in Dodging
  5051 | D:6      | Reached **** piety under Trog
  5191 | D:6      | Reached skill level 9 in Axes
  5221 | D:6      | Found a snail-covered altar of Cheibriados.
  5667 | D:6      | Found a runed translucent door.
  5668 | D:6      | Noticed Crazy Yiuf
  5925 | D:6      | Noticed Eustachio
  5957 | D:6      | Killed Eustachio
  6102 | D:6      | Killed Crazy Yiuf
  6102 | D:6      | Reached XP level 9. HP: 74/79 MP: 8/8
  6345 | D:6      | Reached skill level 10 in Axes
  6825 | D:7      | Found a shimmering altar of Xom.
  7298 | D:7      | Found a large runed translucent door.
  7298 | D:7      | Found a large runed translucent door.
  7299 | D:7      | Noticed Nr616's ghost (novice TrHu)
  7462 | D:7      | Killed Nr616's ghost
  7462 | D:7      | Reached skill level 11 in Axes
  7688 | D:8      | Noticed Maurice
  7706 | D:8      | Killed Maurice
  7706 | D:8      | Reached XP level 10. HP: 90/90 MP: 9/9
  7903 | D:8      | Reached ***** piety under Trog
  8495 | D:8      | Found a blossoming altar of Fedhas.
  8499 | D:8      | Received a gift from Trog
  8786 | D:9      | Reached skill level 12 in Axes
  8873 | D:9      | Noticed poirepourri's ghost (novice DDFi)
  8934 | D:9      | Found a runed translucent door.
  8956 | D:9      | Killed poirepourri's ghost
  9317 | D:10     | Entered Level 10 of the Dungeon
  9513 | D:10     | Found Qirphotz's Magic Scroll Emporium.
  9536 | D:10     | Noticed Erolcha
  9555 | D:10     | Killed Erolcha
  9555 | D:10     | Reached skill level 13 in Axes
  9555 | D:10     | Reached XP level 11. HP: 76/99 MP: 10/10
  9702 | D:10     | Killed an unseen horror
  9702 | D:10     | Reached skill level 10 in Fighting
  9717 | D:10     | Received a gift from Trog
  9853 | D:10     | Noticed Harold
  9865 | D:10     | Killed Harold
 10123 | D:10     | Reached skill level 10 in Armour
 10348 | D:10     | Noticed a tengu warrior
 10354 | D:10     | Killed a tengu warrior
 10487 | D:4      | Bought a scroll labeled XYUDWO OKKU for 33 gold pieces
 10487 | D:4      | Bought a scroll labeled JUTUCIDIMI for 33 gold pieces
 10487 | D:4      | Bought a scroll of identify for 66 gold pieces
 10571 | D:11     | Found a burning altar of Makhleb.
 10599 | D:11     | Noticed a two-headed ogre
 10600 | D:11     | Noticed a death yak
 10601 | D:11     | Noticed a death yak
 10605 | D:11     | Killed a two-headed ogre
 10609 | D:11     | Reached skill level 14 in Axes
 10610 | D:11     | Noticed a death yak
 10612 | D:11     | Killed a death yak
 10620 | D:11     | Found a staircase to the Lair.
 10635 | D:11     | Killed from afar by a gargoyle

Levels and vault maps discovered:
D:1:      dpeg_arrival_rhombus, layout_loops_ring
D:2:      layout_loops_ring, lemuel_doored_altar
D:3:      layout_basic, kiku_gazebo_garden_becter, okawaru_altar_gauntlet_db,
          first_ration, gup_sewer_entry_spiral, minivault_25, uniq_sigmund
D:4:      layout_rooms, serial_shops, nicolae_shop_overgrown_old_shop
D:5:      layout_basic, minmay_temple_entry_statues, serial_bayou_pond_d,
          chequers_serial_rivers_room_a, kennysheep_crisscross, chequers_jeans,
          trog_book
D:6:      layout_basic, cheibrodos_worm_habitat, serial_park_tiny_pond,
          lightli_corner_chamber, uniq_crazy_yiuf_cottage, uniq_eustachio
D:7:      cheibrodos_helix_gallery, layout_basic, ebering_ghost_disaster_area,
          basic_altar, minmay_a_box_with_orc_wizards_in_it
D:8:      layout_basic, fedhas_altar_fruit_tree, uniq_maurice
D:9:      layout_long_grid, hellmonk_ghost_happy_afterlife
D:10:     layout_stronghold, serial_shops, nicolae_shop_behind_doors,
          grunt_tengu_nest, uniq_erolcha, uniq_harold
D:11:     layout_roguey, dpeg_lair_monsters, basic_altar, enter_trove_3,
          hangedman_abyss_or_decor_clamps, uniq_urug
Temple:   minmay_crystal_spiral_temple
Sewer:    sewer_big_baddie

Skill      XL: |  1  2  3  4  5  6  7  8  9 10 11 |
---------------+----------------------------------+-----
Axes           | 4 5 6 8 9 11 13 14 | 14.1
Fighting       | 4 5 6 7 8 9 10 | 10.7
Armour         | 3 4 5 6 8 9 10 | 10.3
Dodging        | 3 4 6 7 8 9 |  9.5

Action                   |  1- 3 |  4- 6 |  7- 9 | 10-12 || total
-------------------------+-------+-------+-------+-------++-------
Melee: Hand axe          |    90 |   146 |   438 |   168 ||   842
       Headbutt          |     9 |    23 |   103 |    65 ||   200
       Battleaxe         |       |       |       |    73 ||    73
       Executioner's axe |       |       |       |    56 ||    56
Throw: Throwing net      |       |       |       |     1 ||     1
Invok: Berserk           |       |     2 |     3 |     2 ||     7
  Use: Scroll            |       |     2 |    12 |     7 ||    21
       Potion            |       |       |     2 |     1 ||     3
 Stab: Sleeping          |     1 |       |       |       ||     1
  Eat: Chunk             |     1 |     7 |    15 |    10 ||    33
       Ration            |       |       |     1 |       ||     1
Armor: Animal skin       |     6 |       |       |       ||     6
       Chain mail        |    46 |    73 |   193 |     9 ||   321
       Plate armour      |       |       |       |   228 ||   228
Dodge: Dodged            |    54 |    74 |   179 |   162 ||   469

Table legend:
 A = Non-vault XP
 B = Vault XP
 C = Vault XP percentage of total XP
 D = Non-vault monster count
 E = Vault monster count
 F = Vault count percentage of total count
                 A         B        C        D         E       F
            +---------+---------+-------+---------+---------+-------
      Total |   11526 |    6790 |  37.1 |     255 |      35 |  12.1
            +---------+---------+-------+---------+---------+-------
        D:1 |      36 |       0 |   0.0 |      17 |       0 |   0.0
        D:2 |      78 |       0 |   0.0 |      29 |       0 |   0.0
        D:3 |     125 |     253 |  66.9 |      30 |      11 |  26.8
        D:4 |     498 |       0 |   0.0 |      23 |       0 |   0.0
        D:5 |     617 |       0 |   0.0 |      16 |       0 |   0.0
        D:6 |     954 |     248 |  20.6 |      33 |       3 |   8.3
        D:7 |    1326 |    1065 |  44.5 |      21 |       6 |  22.2
        D:8 |     980 |     457 |  31.8 |      30 |       1 |   3.2
        D:9 |    1586 |     872 |  35.5 |      20 |       1 |   4.8
       D:10 |    4259 |    2752 |  39.3 |      33 |       3 |   8.3
       D:11 |    1067 |    1008 |  48.6 |       3 |       4 |  57.1
      Sewer |       0 |     135 | 100.0 |       0 |       6 | 100.0
            +---------+---------+-------+---------+---------+-------
